Map: Void Training Stage 2

Players

Ratl - Winner!

  • Race: Zerg Zerg
  • Spawn Location: 7:00

Player 2

  • Race: Terran Terran
  • Spawn Location: 3:00

VOD

Have the link to the VOD?

Description

Time

  • Played on: Oct. 28, 2019, 9:01 a.m.
  • Length: 12:02
Show
View Real Time Build Order
Export as new Build Order

Ratl Zerg - Winner!

Build Orders: Pool First 

Get SALT Encoding   

  12  0:08  Overlord  
  12  0:13  Drone  
  13  0:18  Drone  
  14  0:27  Drone  
  15  0:36  Drone  
  16  0:44  Drone  
  17  0:54  Spawning Pool  
  17  0:55  Drone  
  17  1:05  Drone  
  17  1:11  Extractor  
  17  1:15  Drone  
  18  1:22  Extractor  
  17  1:25  Drone  
  18  1:38  Drone  
  19  1:57  Hatchery  
  18  2:02  Overlord  
  18  2:03  Drone  
  19  2:16  Drone  
  19  2:17  Queen  
  22  2:25  Drone  
  23  2:36  Zergling x2  
  24  2:43  Drone  
  25  3:02  Metabolic Boost  
  25  3:06  Drone x2  
  27  3:16  Drone  
  27  3:18  Queen  
  30  3:24  Overlord  
  30  3:28  Zergling x4  
  32  3:48  Drone x2  
  34  3:50  Hatchery  
  33  4:06  Drone x3  
  36  4:26  Roach Warren  
  35  4:35  Lair  
  35  4:52  Extractor  
  34  4:54  Drone x3  
  37  5:02  Zergling x6  
  37  5:03  Zergling x4  
  39  5:45  Drone x3  
  42  5:54  Drone x5  
  47  6:04  Overlord  
  47  6:05  Overlord  
  47  6:06  Drone  
  48  6:24  Evolution Chamber  
  47  6:27  Roach Warren  
  46  6:35  Baneling Nest  
  45  6:48  Infestation Pit  
  44  6:55  Hydralisk Den  
  44  7:00  Zerg Melee Weapons Level 1  
  43  7:02  Glial Reconstitution  
  45  7:08  Roach x3  
  45  7:09  Roach x2  
  45  7:15  Drone x3  
  56  7:29  Overlord x3  
  56  7:31  Hydralisk x3  
  53  8:02  Zergling x6  
  52  8:11  Zergling x6  
  55  8:18  Zergling x12  
  61  8:21  Tunneling Claws  
  61  8:44  Pathogen Glands  
  61  8:47  Grooved Spines  
  61  8:51  Infestor x3  
  61  8:54  Zerg Missile Weapons Level 1  
  61  8:55  Swarm Host  
  67  8:57  Swarm Host x2  
  76  9:12  Extractor  
  75  9:17  Overlord x4  
  75  9:19  Drone x2  
  77  9:29  Zergling x4  
  79  9:40  Neural Parasite  
  79  9:59  Muscular Augments  
  69  10:43  Hatchery  
Show
View Real Time Build Order
Export as new Build Order

Player 2 Terran 

Build Orders:  

Get SALT Encoding   

  12  0:00  SCV  
  13  0:13  SCV  
  14  0:20  Supply Depot  
  14  0:25  SCV  
  15  0:42  SCV  
  16  0:46  Refinery  
  16  0:49  Barracks  
  16  1:11  Supply Depot  
  16  1:21  Refinery  
  16  1:36  Marine  
  16  1:39  Orbital Command  
  17  1:55  Barracks Tech Lab  
  17  2:13  Marine  
  18  2:16  Supply Depot  
  18  2:19  SCV  
  19  2:31  SCV  
  20  2:38  Marine  
  20  2:43  SCV  
  22  2:55  SCV  
  23  3:03  Marauder  
  25  3:07  SCV  
  26  3:19  SCV  
  27  3:28  Marine  
  28  3:53  Marauder  
  30  4:18  Marauder  
  32  6:11  SCV  
  32  7:00  Reaper  
  32  7:01  SCV  
  34  7:03  Supply Depot  
  34  7:07  Command Center  
  34  7:26  Factory  
  34  7:28  Supply Depot  
  34  7:32  Marine  
  35  7:49  Marine  
  32  8:08  Marauder  
  33  8:20  SCV  
  33  8:24  SCV  
  30  8:29  Marine, Refinery  
  30  8:32  SCV  
  32  8:36  SCV  
  32  8:44  SCV, Refinery  
  32  8:47  Marine  
  32  8:48  SCV  
  35  8:56  SCV  
  35  9:00  SCV  
  37  9:04  Marine  
  37  9:08  SCV  
  39  9:12  SCV  
  40  9:20  SCV  
  40  9:22  Marine  
  42  9:24  SCV  
  43  9:32  SCV  
  43  9:36  SCV  
  45  9:40  Reaper  
  45  9:44  SCV  
  47  9:48  SCV  
  48  9:56  SCV  
  49  10:01  SCV  
  46  10:08  SCV  
  46  10:12  Reaper  
  46  10:13  SCV  
  44  10:18  Supply Depot  
  44  10:20  SCV  
  40  10:21  Hellion  
  40  10:25  SCV  
  35  10:33  SCV  
  29  10:37  SCV  
  30  10:43  Hellion  
  30  10:45  SCV  
  30  10:49  SCV  
  29  10:56  Supply Depot  
  29  10:57  SCV  
  29  11:01  SCV  
  29  11:13  SCV  
  25  11:42  Barracks  
  25  11:46  SCV  
Tags
 
Add a new tag
Caveats
  • Supply blocks, unpowered buildings, or Contaminate may cause inaccurate times.
  • Supply counts are checked every 10 seconds.